 Dungeon Crawl Stone Soup version 0.30-a0-1160-g6e42c06551 (webtiles) character file.

Game seed: 15334342640017243535

21831 bande the Cleaver (level 12, -24/75 HPs)
             Began as a Gargoyle Fighter on Apr 25, 2023.
             Was the Champion of Okawaru.
             Killed from afar by an ice dragon (48 damage)
             ... with a blast of cold
             ... on level 3 of the Lair of Beasts.
             The game lasted 00:20:00 (12179 turns).

bande the Cleaver (Gargoyle Fighter)               Turns: 12179, Time: 00:20:01

Health: -24/75     AC: 45    Str: 22    XL:     12   Next: 94%
Magic:  18/18      EV:  7    Int: 10    God:    Okawaru [******]
Gold:   373        SH: 18    Dex: 21    Spells: 11/11 levels left

rFire   + . .        a - +1 war axe (protect)
rCold   . . .        y - +0 kite shield
rNeg    + . .        F - +13 chain mail "Diogaash" {rCorr}
rPois   ∞            (no helmet)
rElec   +            (no cloak)
rCorr   +            m - +1 pair of gloves
SInv    .            (no boots)
Will    .....        o - amulet of reflection
Stlth   +            u - +4 ring of protection
HPRegen 0.32/turn    r - +6 ring of dexterity
MPRegen 0.16/turn

%: reflection
@: under a protective aura
A: sickness immunity, AC +8, negative energy resistance 1, electricity
resistance, torment resistance 1, petrification resistance, thin skeletal
structure 2, fire resistance 1
a: Renounce Religion, Heroism, Finesse, Duel


You were on level 3 of the Lair of Beasts.
You worshipped Okawaru.
Okawaru was exalted by your worship.
You visited 2 branches of the dungeon, and saw 11 of its levels.

You collected 584 gold pieces.
You spent 211 gold pieces at shops.

Inventory:

Hand Weapons
 a - a +1 war axe of protection (weapon)
 b - a +0 war axe
 C - a +3 flail
 I - the +8 longbow of Fekhla Qyde {drain, Drain rCorr Int+3}
   (Okawaru gifted it to you on level 2 of the Lair of Beasts)

   Int:       It affects your intelligence (+3).
   rCorr:     It protects you from acid and corrosion.
   Drain:     It drains your maximum health when unequipped.
Armour
 e - the +2 hat "Qecky" {-Cast rPois rC+ rN+}
   (Okawaru gifted it to you on level 2 of the Lair of Beasts)

   rC:        It protects you from cold.
   rPois:     It protects you from poison.
   rN:        It protects you from negative energy.
   -Cast:     It prevents spellcasting.
 m - a +1 pair of gloves (worn)
 y - a +0 kite shield (worn)
 D - the +4 moon troll leather armour {Spirit, Regen++ MP+5}
   (Okawaru gifted it to you on level 6 of the Dungeon)

   MP:        It affects your magic capacity (+5).
   Regen:     It increases your rate of health regeneration.
 F - the +13 chain mail "Diogaash" (worn) {rCorr}
   (You found it on level 8 of the Dungeon)

   rCorr:     It protects you from acid and corrosion.
Jewellery
 c - a ring of fire
 g - a ring of magical power
 n - a ring of resist corrosion
 o - an amulet of reflection (around neck)
 r - a +6 ring of dexterity (right hand)
 t - a +6 ring of intelligence
 u - a +4 ring of protection (left hand)
 x - an amulet of regeneration
Wands
 h - a wand of flame (18)
 B - a wand of iceblast (26)
Scrolls
 i - 4 scrolls of teleportation
 v - 2 scrolls of enchant weapon
 w - a scroll of brand weapon
 E - a scroll of enchant armour
 G - 3 scrolls of identify
Potions
 d - 5 potions of might
 f - 5 potions of flight
 j - 3 potions of curing
 k - 4 potions of brilliance
 l - a potion of resistance
 p - 3 potions of mutation
 q - 2 potions of berserk rage
Miscellaneous
 H - a condenser vane


   Skills:
 + Level 8.4 Fighting
 + Level 11.9 Axes
 + Level 7.8 Armour
 + Level 10.4 Shields
 * Level 8.9 Invocations
 * Level 6.7 Evocations


You had 11 spell levels left.
You didn't know any spells.
Your spell library contained the following spells:

 Spells                   Type           Power      Damage    Failure   Level
 Kiss of Death            Conj/Necr      0%         2d5       98%         1
 Magic Dart               Conj           0%         1d3       98%         1
 Ensorcelled Hibernation  Hex/Ice        0%         N/A       99%         2
 Poisonous Vapours        Pois/Air       0%         N/A       99%         2
 Wereblood                Tmut           0%         N/A       99%         2
 Confusing Touch          Hex            0%         N/A       100%        3
 Inner Flame              Hex/Fire       0%         N/A       100%        3
 Mephitic Cloud           Conj/Pois/Air  0%         N/A       100%        3
 Portal Projectile        Hex/Tloc       0%         N/A       100%        3
 Spider Form              Tmut/Pois      0%         N/A       100%        3
 Anguish                  Hex/Necr       0%         N/A       100%        4
 Dispel Undead            Necr           0%         3d6       100%        4
 Leda's Liquefaction      Hex/Erth       0%         N/A       100%        4
 Alistair's Intoxication  Tmut/Pois      0%         N/A       100%        5
 Blade Hands              Tmut           0%         N/A       100%        5
 Borgnjor's Vile Clutch   Necr/Erth      0%         N/A       100%        5
 Freezing Cloud           Conj/Ice/Air   0%         6-21      100%        5
 Yara's Violent Unravell  Hex/Tmut       0%         3d3       100%        5
 Eringya's Noxious Bog    Tmut/Pois      0%         N/A       100%        6
 Enfeeble                 Hex            0%         N/A       100%        7
 Call Imp                 Summ           Unusable   N/A       N/A         2
 Cigotuvi's Dreadful Rot  Necr/Pois/Air  Unusable   N/A       N/A         2
 Sublimation of Blood     Necr           Unusable   N/A       N/A         2
 Call Canine Familiar     Summ           Unusable   N/A       N/A         3
 Tukima's Dance           Hex            Unusable   N/A       N/A         3
 Death Channel            Necr           Unusable   N/A       N/A         6
 Summon Hydra             Summ           Unusable   N/A       N/A         7

Dungeon Overview and Level Annotations

Branches:
Dungeon (8/15)             Temple (0/1) D:5            Lair (3/5) D:8
 Shoals (0/4) Lair:2        Snake (0/4) Lair:2

Altars:
Ashenzari
Dithmenos
Gozag
Hepliaklqana
Kikubaaqudgha
Okawaru
Qazlal
Sif Muna
Trog
Uskayaw
Wu Jian
Xom
Yredelemnul

Shops:
D:3 :[   D:4 !   D:6 *

Portals:
Ice
Cave: Lair:3


Innate Abilities, Weirdness & Mutations

You are immune to sickness and miasma.
Your stone body is resilient. (AC +8)
You are immune to poison.
You resist negative energy. (rN+)
You are resistant to electric shocks. (rElec)
You are resistant to unholy torment.
You are immune to petrification.
You have a moderately thin skeletal structure. (Dex +4, Stealth++)
Your flesh is heat resistant. (rF+)


Message History

You block the yak's attack.
You slash the yak!
You kill the yak!
Okawaru accepts your kill.
You slash the ice dragon!
The ice dragon is lightly wounded.
The ice dragon breathes frost at you. The blast of cold hits you!
You are too injured to fight recklessly!
You are too injured to fight recklessly!
You are too injured to fight recklessly!
You are too injured to fight recklessly!
You are too injured to fight recklessly!
You are too injured to fight recklessly!
You are too injured to fight recklessly!
You are too injured to fight recklessly!
You are too injured to fight recklessly!
You are too injured to fight recklessly!
You are too injured to fight recklessly!
You are too injured to fight recklessly!
You are too injured to fight recklessly!
You slash the ice dragon!
The ice dragon is moderately wounded.
The ice dragon bites you but does no damage.
You block the ice dragon's attack. x2
You barely miss the ice dragon.
The ice dragon is moderately wounded.
The ice dragon closely misses you. The ice dragon claws you!
The ice dragon tramples you but does no damage.
You hit the ice dragon.
The ice dragon is moderately wounded.
The ice dragon closely misses you.
The ice dragon claws you but does no damage.
The ice dragon tramples you!
You hold your ground!
You hit the ice dragon.
The ice dragon is moderately wounded.
The ice dragon breathes frost at you. The blast of cold hits you!!!
Ouch! That really hurt!
You die...

. .........#....#...#.#.P..
.P.#..#....#..#..........#
..........#...#.#.....P.##.
.....##....<..........#....
#...#.....#.#..#..........
#........#...#.#.#...P....
.#.#..#.†####.###.#....P...
.....#..####.####.....#....
........###@## #P..........
..PP.....###D# ##..........
...PPP..## h# #.....#....
...#P...# .. #..........
...P....# .## #.......##.
........# .. #.......#
........# .. #.......#
........# ∩. #........#
.#......# #........#


You could see an ice dragon (catching breath) and a polar bear.

Vanquished Creatures
  Fannar (Lair:2)
  2 boulder beetles (Lair:2)
  The ghost of sircluck the Cleaver, a novice HOFi of Beogh (D:6)
  Amaemon (Lair:1)
  The ghost of superbruh the Poker, a novice GrMo of the Shining One (D:5)
  Pikel (D:6)
  A harpy (Lair:2)
  A manticore (D:6)
  An orange demon (Lair:2)
  3 black mambas
  2 cane toads
  2 rime drakes (Lair:1)
  2 unseen horror zombies (D:6)
  A hornet (Lair:3)
  Prince Ribbit (D:6)
  3 polar bears
  Grinder (D:6)
  11 blink frogs
  30 yaks
  A wraith (D:6)
  3 wyverns
  Grum (Lair:2)
  A vampire mosquito (D:6)
  2 basilisks
  2 nagas (Lair:2)
  6 water moccasins
  2 sky beasts
  Duvessa (D:6)
  4 ice beasts
  An orc warrior (D:5)
  7 black bears
  A hornet zombie (D:6)
  3 ogres
  6 wolves
  4 lemures (D:6)
  2 kobold brigands
  4 phantoms
  8 bullfrogs
  3 scorpions
  5 wights (D:7)
  Dowan (D:6)
  3 killer bees (D:8)
  2 howler monkeys (D:7)
  3 orc priests
  5 hounds
  3 jellies (D:5)
  2 iguanas (D:4)
  2 sleepcaps
  3 orc wizards
  4 hell rats (Lair:2)
  3 centaur simulacra
  A killer bee simulacrum (D:7)
  A howler monkey zombie (D:6)
  3 gnolls
  5 adders
  A shadow imp (D:8)
  4 white imps
  An ufetubus (D:5)
  2 worms (D:2)
  23 orcs
  4 endoplasms
  2 giant cockroaches (D:4)
  4 goblins
  A hobgoblin (D:1)
  2 quokkas
  9 ball pythons
  5 bats
  5 kobolds
  4 rats
241 creatures vanquished.

Vanquished Creatures (others)
  A water moccasin (Lair:1)
  A killer bee (D:8)
  A bush (Lair:2)
  34 fungi
  78 plants
115 creatures vanquished.

Grand Total: 356 creatures vanquished

Notes
Turn   | Place    | Note
-------+----------+-------------------------------------------
     0 | D:1      | bande the Gargoyle Fighter began the quest for the Orb.
     0 | D:1      | Reached XP level 1. HP: 14/14 MP: 1/1
   257 | D:1      | Reached skill level 2 in Axes
   281 | D:1      | Reached XP level 2. HP: 19/19 MP: 2/2
  1009 | D:2      | Reached XP level 3. HP: 23/23 MP: 3/3
  1593 | D:3      | Found Wefoh's Book Boutique.
  1770 | D:3      | Found Taosau's Antique Armour Emporium.
  1786 | D:3      | Bought a pair of gloves for 103 gold pieces
  1941 | D:4      | Noticed a black bear
  1941 | D:4      | Noticed a black bear
  1941 | D:4      | Found a bloodstained altar of Trog.
  1944 | D:4      | Noticed a scorpion
  1952 | D:3      | Killed a black bear
  1953 | D:3      | Reached skill level 3 in Axes
  1953 | D:3      | Reached XP level 4. HP: 27/29 MP: 4/4
  1953 | D:3      | Reached XP level 5. HP: 31/33 MP: 5/5
  2069 | D:3      | Killed a black bear
  2070 | D:3      | Reached skill level 4 in Axes
  2070 | D:3      | Reached XP level 6. HP: 30/38 MP: 6/6
  2425 | D:4      | Reached skill level 5 in Axes
  2587 | D:4      | Reached XP level 7. HP: 42/44 MP: 7/7
  2624 | D:4      | Found an ornate altar of the Wu Jian Council.
  2627 | D:4      | Found a shimmering blue altar of Sif Muna.
  2627 | D:4      | Found a shimmering altar of Xom.
  2638 | D:4      | Found a basalt altar of Yredelemnul.
  2646 | D:4      | Found an iron altar of Okawaru.
  2656 | D:4      | Became a worshipper of Warmaster Okawaru
  2659 | D:4      | Gained mutation: Your flesh is heat resistant. (rF+)
                  | [potion of mutation]
  2659 | D:4      | Gained mutation: You have a somewhat thin skeletal
                  | structure. (Dex +2, Stealth+) [potion of mutation]
  2659 | D:4      | Gained mutation: You have a moderately thin skeletal
                  | structure. (Dex +4, Stealth++) [potion of mutation]
  3012 | D:4      | Found Gatie's Distillery.
  3023 | D:4      | Bought a potion of degeneration for 12 gold pieces
  3026 | D:4      | Bought a potion of might for 48 gold pieces
  3026 | D:4      | Bought a potion of might for 48 gold pieces
  3047 | D:5      | Entered Level 5 of the Dungeon
  3081 | D:4      | Reached skill level 5 in Armour
  3081 | D:4      | Reached skill level 1 in Invocations
  3528 | D:5      | Reached XP level 8. HP: 45/48 MP: 9/9
  3645 | D:5      | Reached skill level 5 in Fighting
  3645 | D:5      | Reached skill level 6 in Axes
  3731 | D:5      | Reached * piety under Okawaru
  3915 | D:5      | Reached skill level 5 in Shields
  4198 | D:5      | Found a staircase to the Ecumenical Temple.
  4384 | D:6      | Reached skill level 7 in Axes
  4416 | D:6      | Reached ** piety under Okawaru
  4449 | D:6      | Found a hide-covered altar of Uskayaw.
  4459 | D:6      | Found Deaddaff's General Store.
  4511 | D:6      | Noticed Prince Ribbit
  4533 | D:6      | Killed Prince Ribbit
  4534 | D:6      | Reached XP level 9. HP: 41/54 MP: 11/11
  4592 | D:6      | Reached skill level 1 in Evocations
  4657 | D:6      | Noticed Grinder
  4674 | D:6      | Noticed Dowan
  4674 | D:6      | Noticed Duvessa
  4683 | D:6      | Paralysed by Grinder for 5 turns
  4690 | D:6      | Killed Grinder
  4690 | D:6      | Reached *** piety under Okawaru
  4695 | D:6      | Killed Duvessa
  4696 | D:6      | Reached skill level 8 in Axes
  4700 | D:6      | Killed Dowan
  4861 | D:6      | Found a runed translucent gate.
  4861 | D:6      | Found a runed translucent gate.
  4861 | D:6      | Found a runed translucent gate.
  4871 | D:6      | Noticed superbruh's ghost (novice GrMo)
  4893 | D:6      | Noticed Pikel
  4917 | D:6      | Killed Pikel
  5027 | D:6      | Found an opulent altar of Gozag.
  5029 | D:6      | Found a stormy altar of Qazlal.
  5032 | D:6      | Found an ancient bone altar of Kikubaaqudgha.
  5032 | D:6      | Found a shadowy altar of Dithmenos.
  5087 | D:6      | Noticed a manticore
  5095 | D:6      | Killed a manticore
  5095 | D:6      | Reached **** piety under Okawaru
  5096 | D:6      | Reached skill level 5 in Invocations
  5096 | D:6      | Reached XP level 10. HP: 39/60 MP: 13/13
  5863 | D:5      | Killed superbruh's ghost
  5864 | D:5      | Reached skill level 9 in Axes
  6116 | D:6      | Reached ***** piety under Okawaru
  6354 | D:7      | Found a runed translucent gate.
  6354 | D:7      | Found a runed translucent gate.
  6354 | D:7      | Found a runed translucent gate.
  6504 | D:7      | Found a broken altar of Ashenzari.
  6558 | D:7      | Noticed sircluck's ghost (novice HOFi)
  7371 | D:6      | Killed sircluck's ghost
  7371 | D:6      | Received a gift from Okawaru
  7371 | D:6      | Found the +4 moon troll leather armour {Spirit, Regen++
                  | MP+5}
  7808 | D:8      | Reached XP level 11. HP: 66/66 MP: 15/15
  7841 | D:8      | Found a staircase to the Lair.
  8032 | D:8      | Identified the +13 chain mail "Diogaash" {rCorr}
  8065 | D:8      | Reached skill level 10 in Axes
  8342 | D:8      | Found a hazy altar of Hepliaklqana.
  8516 | Lair:1   | Entered Level 1 of the Lair of Beasts
  8632 | Lair:1   | Reached skill level 5 in Evocations
  9817 | Lair:2   | Identified the +8 longbow of Fekhla Qyde {drain, Drain
                  | rCorr Int+3} (Okawaru gifted it to you on level 2 of the
                  | Lair of Beasts)
  9817 | Lair:2   | Received a gift from Okawaru
  9872 | Lair:2   | Noticed a boulder beetle
  9873 | Lair:2   | Noticed Grum
  9890 | Lair:2   | Noticed Amaemon
 10048 | Lair:1   | Killed Amaemon
 10140 | Lair:2   | Killed Grum
 10322 | Lair:2   | Reached XP level 12. HP: 64/72 MP: 17/17
 10368 | Lair:2   | Reached skill level 11 in Axes
 10527 | Lair:2   | Found a staircase to the Snake Pit.
 10579 | Lair:2   | Noticed Fannar
 10614 | Lair:2   | Killed Fannar
 10640 | Lair:2   | HP: 1/73 [boulder beetle (4)]
 10900 | Lair:2   | Killed a boulder beetle
 10933 | Lair:2   | Reached ****** piety under Okawaru
 11109 | Lair:2   | Found a staircase to the Shoals.
 11158 | Lair:2   | Identified the +2 hat "Qecky" {-Cast rPois rC+ rN+}
                  | (Okawaru gifted it to you on level 2 of the Lair of Beasts)
 11158 | Lair:2   | Received a gift from Okawaru
 11165 | Lair:2   | Reached skill level 10 in Shields
 11341 | Lair:2   | Noticed a boulder beetle
 11343 | Lair:2   | Found an ornate altar of the Wu Jian Council.
 11343 | Lair:2   | Found a hide-covered altar of Uskayaw.
 11378 | Lair:2   | Killed a boulder beetle
 12107 | Lair:3   | Found a frozen archway.
 12121 | Lair:3   | Noticed an ice dragon
 12179 | Lair:3   | Killed from afar by an ice dragon

Illustrated notes

Levels and vault maps discovered:
D:1:      dpeg_arrival_long_road, layout_basic, chequers_serial_rivers_room_b,
          grunt_decor_junction
D:2:      cheibrodos_helix_gallery, layout_basic
D:3:      layout_basic, serial_shops, nicolae_shop_crystal, nicolae_shop_trees,
          hangedman_decor_lopped, chequers_arboretum
D:4:      layout_loops_ring, trog_ov_bears_minmay,
          minmay_overflow_temple_star_hex, serial_shops, nicolae_lakefront_shop
D:5:      layout_basic, minmay_temple_entry_wispy, feat_on_display
D:6:      minmay_chambers_of_sixes, layout_cave_pools,
          nicolae_overflow_hallway_of_the_gods, serial_shops, shop,
          gammafunk_ghost_necromancy, chequers_jeans, uniq_pikel, uniq_duvessa,
          uniq_grinder, uniq_prince_ribbit1
D:7:      layout_basic, ashenzari_altar_1, gammafunk_ghost_icy,
          nicolae_figureground_pulse
D:8:      layout_cave_pools, mainiacjoe_overflow_brackets,
          due_lair_maze_entry_diamond
Lair:1:   layout_small_grid, serial_forest, infiniplex_forest_end_1,
          infiniplex_forest_zigzag_2, infiniplex_forest_clump_tiny,
          infiniplex_forest_corner_1, infiniplex_forest_lined_3_way,
          infiniplex_forest_clump_double, grunt_megastairs_4
Lair:2:   beargit_carnivore_pack, layout_long_grid, nicolae_shoals_entry_roost,
          guppyfry_snake_entry_garden, nzn_masters_of_martial_movement,
          lemuel_fruit_tree, uniq_fannar, uniq_amaemon
Lair:3:   layout_long_grid, portal_ice_cave_entry_animals_and_master

Skill      XL: |  1  2  3  4  5  6  7  8  9 10 11 12 |
---------------+-------------------------------------+-----
Axes           | 2 3 4 5 7 8 9 10 11 | 11.9
Fighting       | 4 5 6 7 8 |  8.4
Armour         | 4 5 6 7 |  7.8
Shields        | 4 5 6 7 9 10 | 10.4
Invocations    | 1 3 5 6 7 8 |  8.9
Evocations     | 3 4 5 6 |  6.7

Action                     |  1- 3 |  4- 6 |  7- 9 | 10-12 || total
---------------------------+-------+-------+-------+-------++-------
  Melee: War axe           |   120 |    62 |   228 |   865 ||  1275
    Use: Scroll            |     7 |       |     5 |    10 ||    22
         Potion            |       |       |     1 |     5 ||     6
   Stab: Sleeping          |       |       |     1 |       ||     1
         Distracted        |       |       |       |     1 ||     1
 Armour: Scale mail        |    55 |       |       |       ||    55
         Chain mail        |    21 |    42 |   159 |   612 ||   834
         Troll leather arm |       |       |       |    39 ||    39
  Dodge: Dodged            |    62 |    16 |    83 |   266 ||   427
  Block: Buckler           |    27 |    24 |   163 |   116 ||   330
         Reflection        |       |       |     4 |     2 ||     6
         Kite shield       |       |       |       |   796 ||   796

Table legend: (Time is in decaauts)
 A = Elapsed time spent in this place.
 B = Non-inter-level travel time spent in this place.
 C = Inter-level travel time spent in this place.
 D = Time resting spent in this place.
 E = Time spent auto-exploring this place.
 F = Levels seen in this place.
 G = Mean time per level.
                   A        B        C        D        E       F      G
               +--------+--------+--------+--------+--------+-----+--------+
         Total |  12380 |  12161 |    219 |   3470 |   5953 |  11 | 1125.5 |
       Dungeon |   8676 |   8514 |    162 |   2296 |   4475 |   8 | 1084.5 |
          Lair |   3704 |   3647 |     57 |   1174 |   1477 |   3 | 1234.7 |
               +--------+--------+--------+--------+--------+-----+--------+

Top non-repeatable levels by time:
  Lair:2: 1884 daAuts
     D:6: 1677 daAuts
  Lair:1: 1638 daAuts
     D:5: 1504 daAuts
     D:4: 1427 daAuts
     D:7: 1083 daAuts
     D:1: 863 daAuts
     D:3: 851 daAuts
     D:8: 727 daAuts
     D:2: 540 daAuts
  Lair:3: 181 daAuts
